 Dungeon Crawl Stone Soup version 0.29.0-13-gc9e81de378 (webtiles) character file.

Game seed: 9259555834183995938

21 mtoz the Trooper (level 2, 19/19 HPs)
             Began as a Gargoyle Berserker on Sept 8, 2022.
             Was a Follower of Trog.
             Quit the game on level 1 of the Dungeon.
             The game lasted 00:02:33 (745 turns).

mtoz the Trooper (Gargoyle Berserker)                Turns: 745, Time: 00:02:33

Health: 19/19      AC:  5    Str: 26    XL:     2   Next: 87%
Magic:  2/2        EV: 12    Int:  7    God:    Trog [*.....]
Gold:   0          SH:  0    Dex:  9    Spells: 1/1 levels left

rFire   . . .      SeeInvis +   a - +0 hand axe
rCold   . . .      Faith    .   (no shield)
rNeg    + . .      Spirit   .   b - +0 animal skin
rPois   ∞          Reflect  .   (no helmet)
rElec   +          Harm     .   (no cloak)
rCorr   .          Rampage  .   (no gloves)
Will    .....                   (no boots)
Stlth   +.........              (no amulet)
HPRegen 0.06/turn               d - +6 ring of strength
MPRegen 0.08/turn               h - ring of see invisible

@: no status effects
A: sickness immunity, AC +2, negative energy resistance 1, electricity
resistance, torment resistance 1, petrification resistance
a: Renounce Religion, Berserk


You were on level 1 of the Dungeon.
You worshipped Trog.
Trog was aware of your devotion.
You visited 1 branch of the dungeon, and saw 1 of its levels.

Inventory:

Hand Weapons
 a - a +0 hand axe (weapon)
Missiles
 e - 8 stones (quivered)
Armour
 b - a +0 animal skin (worn)
Jewellery
 d - a +6 ring of strength (left hand)
 h - a ring of see invisible (right hand)
Scrolls
 f - 2 scrolls of teleportation {unknown}
 g - a scroll of amnesia {unknown}
Potions
 c - 2 potions of attraction {unknown}


   Skills:
 + Level 3.5 Fighting
 * Level 2.9 Axes
 + Level 0.1 Throwing
 + Level 2.5 Armour
 + Level 1.9 Dodging


You had one spell level left.
You didn't know any spells.
Your spell library was empty.

Dungeon Overview and Level Annotations

Branches:
Dungeon (1/15)

Altars:

Shops:
D:1 !


Innate Abilities, Weirdness & Mutations

You are immune to sickness and miasma.
Your stone body is resilient. (AC +2)
You are immune to poison.
You resist negative energy. (rN+)
You are resistant to electric shocks. (rElec)
You are resistant to unholy torment.
You are immune to petrification.


Message History

There is an open door here.
You open the door.
There is an open door here.
You open the door.
There is an open door here.
f - 2 scrolls labelled NAECRUSTYV (gained 1)
A hobgoblin comes into view.
The hobgoblin shouts!
The hobgoblin misses you.
You barely miss the hobgoblin. The hobgoblin misses you.
You hit the hobgoblin but do no damage. The hobgoblin misses you.
You hit the hobgoblin.
The hobgoblin is heavily wounded.
The hobgoblin hits you.
You hit the hobgoblin.
You kill the hobgoblin!
Trog accepts your kill.
No target in view!
There is an entrance to Muakkaf's Distillery here.
Found a stone staircase leading down.
There is a stone staircase leading down here.
A giant cockroach comes into view.
The giant cockroach bites you.
The giant cockroach bites you but does no damage.
You barely miss the giant cockroach.
The giant cockroach bites you but does no damage.
You hit the giant cockroach.
The giant cockroach is almost dead.
The giant cockroach bites you but does no damage.
You closely miss the giant cockroach.
The giant cockroach is almost dead.
The giant cockroach closely misses you. The giant cockroach barely misses you.
You hit the giant cockroach but do no damage.
The giant cockroach is severely wounded.
The giant cockroach bites you but does no damage.
You hit the giant cockroach.
You kill the giant cockroach!
Trog accepts your kill.
No target in view!
Are you sure you want to abandon this character and quit the game? (Confirm with "yes".)

#.#.....## #......
#.#####..## #...)..
#######'## ##..# #......
#........######.#### #......
#........##........###......
#........##.###.##..##......
#........##.# #.###..'......
#######'###.# #.# ####......
#.# #@###.## ##...... #.#
#......# #....... #.#
#####..####.###... #.#
#......∩..#.##
#.#######...###.#.#...
#...............#.####
##########.####.#.# # #.#
#.#.# # #.. #.#.####


There were no monsters in sight!

Vanquished Creatures
  3 ball pythons (D:1)
  3 endoplasms (D:1)
  4 giant cockroaches (D:1)
  3 hobgoblins (D:1)
  A kobold (D:1)
  3 goblins (D:1)
  A rat (D:1)
18 creatures vanquished.

Notes
Turn   | Place    | Note
-------+----------+-------------------------------------------
     0 | D:1      | mtoz the Gargoyle Berserker began the quest for the Orb.
     0 | D:1      | Reached XP level 1. HP: 14/14 MP: 1/1
    55 | D:1      | Found Muakkaf's Distillery.
   171 | D:1      | Reached XP level 2. HP: 14/19 MP: 2/2
   505 | D:1      | Found a faded altar of an unknown god.
   745 | D:1      | Quit the game

Illustrated notes

Levels and vault maps discovered:
D:1:      sevenhm_arrival_forest_fort_small_3, layout_basic,
          ebering_ecumenical_altar_abandoned, serial_shops, nicolae_shop_crystal

Action                   || total
-------------------------++-------
Melee: Hand axe          ||    45
Throw: Stone             ||     3
Invok: Berserk           ||     1
Armor: Animal skin       ||    16
Dodge: Dodged            ||    29
